Map: Acropolis LE

Players

SortOf

  • Race: Zerg Zerg
  • League: Master
  • Spawn Location: 11:00

GOReynor (Reynor) - Winner!

  • Race: Zerg Zerg
  • League: Master
  • Spawn Location: 5:00

Event: HomeStory Cup XX

VOD

Have the link to the VOD?

Description

Time

  • Played on: Nov. 21, 2019, 2:01 p.m.
  • Length: 15:35

All games in this series

Show
View Real Time Build Order
Export as new Build Order

SortOf Zerg 

Build Orders: Hatch First 

Get SALT Encoding   

  12  0:00  Drone  
  13  0:13  Overlord  
  13  0:16  Drone  
  14  0:31  Drone x2  
  16  0:48  Hatchery  
  15  0:51  Drone  
  15  0:55  Drone  
  17  0:58  Drone  
  18  1:09  Extractor  
  17  1:13  Spawning Pool  
  17  1:16  Drone  
  17  1:20  Drone  
  18  1:30  Drone  
  20  1:40  Drone  
  20  1:50  Drone  
  21  2:00  Queen x2  
  25  2:01  Overlord  
  25  2:03  Drone  
  26  2:09  Metabolic Boost  
  26  2:11  Drone  
  26  2:12  Drone  
  28  2:22  Zergling x2  
  29  2:26  Zergling x2  
  30  2:32  Hatchery  
  30  2:36  Drone  
  30  2:41  Baneling Nest  
  30  2:42  Drone  
  30  2:45  Drone  
  30  2:50  Overlord  
  31  2:54  Drone  
  32  3:01  Drone  
  33  3:08  Zergling x2  
  33  3:09  Overlord  
  33  3:10  Drone x3  
  37  3:14  Drone x2  
  39  3:24  Queen, Drone  
  39  3:25  Drone  
  39  3:26  Drone  
  44  3:28  Baneling x2  
  44  3:33  Zergling x4  
  46  3:39  Evolution Chamber  
  45  3:42  Zergling x8  
  45  3:43  Baneling  
  45  3:44  Baneling  
  45  3:46  Zergling x2  
  45  3:48  Baneling  
  50  3:55  Drone  
  51  3:57  Overlord  
  51  4:02  Drone x4  
  52  4:09  Extractor, Roach Warren  
  50  4:10  Drone x2  
  50  4:12  Drone x2  
  50  4:16  Drone x3  
  57  4:22  Overlord  
  57  4:23  Drone x2  
  58  4:30  Drone x2  
  58  4:31  Drone  
  60  4:39  Drone x4  
  60  4:41  Lair  
  64  4:46  Extractor, Drone x2  
  64  4:48  Drone, Overlord  
  64  4:49  Drone x2  
  64  4:52  Zerg Missile Weapons Level 1  
  67  4:55  Drone x2  
  69  5:01  Overlord  
  69  5:02  Extractor, Drone  
  69  5:05  Overlord  
  69  5:09  Drone x4  
  69  5:12  Extractor x2, Drone  
  69  5:13  Drone x2  
  74  5:14  Pneumatized Carapace  
  74  5:18  Drone x2  
  74  5:20  Drone  
  77  5:24  Baneling x2  
  77  5:25  Drone  
  77  5:26  Overlord, Roach  
  77  5:27  Roach  
  83  5:28  Drone  
  83  5:30  Evolution Chamber  
  83  5:35  Roach x2  
  86  5:41  Hatchery  
  85  5:46  Roach x4  
  85  5:49  Roach  
  92  5:51  Roach x2  
  92  5:57  Overseer, Zerg Ground Armor Level 1  
  95  6:00  Overlord x2  
  95  6:04  Glial Reconstitution  
  95  6:07  Roach x3  
  101  6:16  Roach x2  
  105  6:19  Overlord  
  105  6:23  Roach x6  
  117  6:26  Overlord  
  117  6:32  Overlord  
  117  6:34  Roach x2  
  121  6:40  Spore Crawler  
  121  6:42  Overlord  
  121  6:43  Roach x5  
  121  6:46  Overseer  
  130  6:56  Drone x2  
  130  6:58  Spore Crawler, Roach x5  
  130  7:00  Ravager x3  
  144  7:01  Ravager  
  144  7:05  Roach x6  
  157  7:10  Overlord  
  157  7:24  Drone  
  157  7:27  Drone x2  
  157  7:34  Roach  
  157  7:36  Roach  
  163  7:37  Roach x3  
  159  7:44  Roach  
  159  7:45  Roach  
  159  7:46  Zerg Missile Weapons Level 2  
  159  7:47  Overlord x6, Roach x3  
  161  7:59  Zerg Ground Armor Level 2, Overlord  
  161  8:00  Overlord  
  161  8:01  Roach x3  
  165  8:08  Drone x2  
  165  8:11  Tunneling Claws, Burrow  
  167  8:13  Overlord x2  
  167  8:14  Roach  
  167  8:17  Overseer  
  169  8:21  Ravager x2  
  169  8:22  Extractor, Drone x2  
  169  8:23  Roach x2  
  176  8:30  Roach x4  
  184  8:36  Roach x4  
  190  8:43  Ravager x2  
  190  8:52  Roach x6  
  197  9:01  Roach x6  
  195  9:06  Roach x4  
  189  9:13  Roach  
  189  9:14  Roach x4  
  187  9:23  Roach x4  
  191  9:28  Infestation Pit  
  191  9:29  Extractor  
  189  9:31  Spine Crawler  
  189  9:33  Spine Crawler, Roach  
  189  9:34  Spine Crawler  
  189  9:36  Roach  
  189  9:37  Roach x2  
  194  9:41  Overseer, Spine Crawler  
  194  9:43  Ravager x2  
  194  9:44  Drone, Roach x8  
  196  9:49  Spine Crawler  
  196  9:51  Roach x2  
  199  9:53  Overlord  
  195  10:01  Roach x2  
  196  10:10  Drone  
  195  10:17  Drone x2  
  195  10:18  Roach x3  
  197  10:29  Hive  
  197  10:32  Drone  
  197  10:33  Drone x3  
  199  10:42  Roach x2  
  199  10:43  Hatchery  
  199  10:44  Ravager  
  199  10:52  Drone x2  
  199  10:53  Hydralisk Den  
  199  10:56  Ravager  
  198  10:57  Overlord  
  196  11:16  Overlord  
  193  11:23  Roach x6  
  194  11:41  Roach x4  
  197  11:47  Zerg Ground Armor Level 3  
  193  12:00  Muscular Augments, Viper x2  
  199  12:02  Lurker Den  
  198  12:14  Roach x40  
  196  12:29  Roach x6  
  196  12:30  Zerg Missile Weapons Level 3  
  183  12:39  Roach x9  
  191  12:49  Roach x13  
  189  12:52  Roach x4  
  189  12:53  Roach  
  189  12:58  Roach x8  
  191  12:59  Roach x23  
  191  13:01  Roach x2  
  191  13:05  Roach  
  191  13:11  Grooved Spines, Ravager x2  
  199  13:12  Roach  
  199  13:13  Roach x2  
  199  13:19  Ravager  
  200  13:20  Ravager x2  
  176  13:38  Roach x2  
  176  13:39  Roach x9  
  194  13:48  Roach x2  
  197  14:05  Hatchery  
  175  14:21  Ravager x6  
  175  14:22  Ravager x4, Roach  
  182  14:31  Roach x2  
  186  14:37  Roach  
  180  14:39  Ravager x3  
  183  14:51  Roach x2  
  177  14:55  Overlord  
  177  14:57  Roach  
  157  15:13  Roach  
  157  15:14  Roach x2  
Show
View Real Time Build Order
Export as new Build Order

GOReynor Zerg - Winner!

Build Orders: Hatch First, Lurkers 

Get SALT Encoding   

  12  0:00  Drone  
  13  0:12  Overlord  
  13  0:16  Drone  
  14  0:30  Drone x2  
  16  0:47  Hatchery  
  15  0:50  Drone  
  15  0:54  Drone  
  17  0:58  Drone  
  18  1:08  Extractor  
  17  1:13  Spawning Pool  
  17  1:16  Drone  
  17  1:19  Drone  
  18  1:27  Drone  
  19  1:38  Drone  
  20  1:49  Drone  
  21  1:59  Queen x2  
  25  2:01  Overlord  
  25  2:02  Zergling x2  
  26  2:10  Drone  
  26  2:11  Drone  
  26  2:12  Metabolic Boost  
  28  2:21  Drone x2  
  30  2:32  Hatchery  
  30  2:35  Drone  
  30  2:38  Drone  
  31  2:45  Baneling Nest  
  31  2:47  Drone  
  31  2:48  Drone  
  32  2:53  Overlord  
  32  2:55  Zergling x2  
  33  3:04  Zergling x2  
  35  3:05  Zergling x2  
  35  3:08  Drone  
  35  3:12  Zergling x6  
  39  3:13  Zergling x2  
  39  3:16  Zergling x2  
  41  3:21  Drone x2, Evolution Chamber  
  42  3:31  Baneling x2, Overlord  
  42  3:32  Drone  
  43  3:40  Drone  
  44  3:44  Queen  
  44  3:45  Drone x3  
  49  3:50  Overlord  
  49  3:52  Drone x2  
  51  4:02  Drone x4  
  54  4:05  Overlord  
  54  4:06  Drone  
  55  4:10  Zerg Missile Weapons Level 1, Drone  
  55  4:12  Baneling  
  55  4:14  Drone x2  
  57  4:19  Zergling x4  
  57  4:20  Drone  
  60  4:30  Overlord  
  60  4:35  Drone x2  
  56  4:40  Drone x5  
  56  4:44  Lair  
  61  4:46  Extractor  
  61  4:47  Extractor, Drone x2  
  61  4:48  Roach Warren  
  60  4:53  Drone  
  60  4:55  Drone  
  60  4:58  Drone  
  63  5:01  Extractor  
  63  5:02  Extractor  
  63  5:03  Drone  
  63  5:06  Overlord  
  63  5:07  Drone  
  63  5:08  Drone x3  
  63  5:11  Drone  
  63  5:12  Drone x5  
  72  5:14  Overlord  
  72  5:17  Drone  
  73  5:21  Overlord  
  73  5:25  Drone  
  73  5:27  Pneumatized Carapace  
  73  5:29  Drone  
  73  5:32  Drone  
  73  5:34  Extractor  
  74  5:36  Zergling x6  
  74  5:38  Overlord  
  74  5:39  Baneling  
  74  5:41  Roach x5  
  74  5:42  Roach  
  88  5:43  Overlord  
  88  5:50  Drone  
  88  5:55  Glial Reconstitution, Drone x2  
  86  5:59  Drone  
  86  6:00  Overseer  
  86  6:01  Hatchery  
  86  6:03  Drone  
  87  6:04  Drone x2  
  87  6:05  Overlord  
  87  6:07  Zerg Missile Weapons Level 2, Drone  
  87  6:09  Drone  
  87  6:11  Evolution Chamber  
  90  6:16  Overlord  
  90  6:24  Baneling x3  
  90  6:32  Overlord  
  90  6:37  Roach  
  90  6:38  Roach x7  
  90  6:39  Zerg Ground Armor Level 1  
  106  6:41  Roach x4  
  106  6:44  Overlord  
  114  6:52  Roach x3  
  120  6:56  Overlord  
  120  7:01  Roach x2  
  120  7:02  Roach x4  
  136  7:08  Roach x4  
  136  7:09  Roach  
  136  7:12  Roach x2  
  146  7:16  Roach x2  
  149  7:25  Roach x4  
  149  7:26  Ravager x2  
  158  7:30  Ravager  
  158  7:31  Overlord  
  155  7:37  Roach x3  
  155  7:39  Roach x2  
  155  7:43  Roach x2  
  155  7:44  Roach x3  
  159  7:47  Ravager  
  159  7:49  Overlord x2  
  160  7:52  Ravager  
  160  7:53  Roach x3  
  165  7:58  Overlord  
  165  8:02  Hatchery  
  164  8:06  Overlord  
  164  8:07  Tunneling Claws  
  164  8:08  Burrow  
  164  8:10  Ravager  
  164  8:11  Roach x3  
  171  8:18  Roach x4  
  179  8:23  Roach x2  
  183  8:29  Roach x2  
  183  8:32  Roach  
  189  8:40  Roach x3  
  193  8:42  Overlord  
  193  8:48  Overseer, Infestation Pit  
  192  8:50  Roach  
  192  8:51  Overlord  
  194  9:00  Roach x7  
  190  9:04  Roach  
  190  9:06  Roach  
  190  9:07  Roach x2  
  188  9:11  Roach x2  
  188  9:15  Roach x6  
  181  9:19  Roach  
  181  9:21  Roach  
  177  9:27  Roach x2  
  177  9:29  Ravager  
  177  9:30  Hive  
  182  9:31  Drone x2  
  182  9:32  Extractor  
  182  9:35  Roach  
  182  9:36  Roach x2  
  182  9:38  Roach  
  191  9:39  Roach  
  191  9:40  Overseer  
  191  9:44  Roach x3  
  191  9:45  Overseer, Roach x10  
  193  9:48  Roach x3  
  193  9:52  Overlord  
  199  10:09  Overlord  
  199  10:11  Ravager  
  199  10:12  Roach x2  
  198  10:17  Roach  
  194  10:22  Zerg Ground Armor Level 2  
  194  10:24  Spore Crawler  
  194  10:26  Spine Crawler  
  194  10:27  Roach  
  194  10:28  Roach x9  
  200  10:29  Roach x2  
  198  10:42  Drone x2  
  200  10:43  Extractor  
  200  10:44  Zerg Missile Weapons Level 3  
  199  10:57  Roach x2  
  199  11:01  Drone x2  
  199  11:02  Hydralisk Den  
  196  11:18  Roach x2  
  192  11:20  Hatchery  
  189  11:26  Roach x26  
  189  11:27  Roach x5  
  189  11:30  Roach  
  199  11:34  Lurker Den  
  196  11:52  Roach x2  
  200  11:56  Roach  
  200  11:59  Muscular Augments  
  200  12:00  Queen  
  200  12:11  Roach x24  
  200  12:28  Overseer  
  198  12:35  Roach x4  
  192  12:38  Overseer  
  192  12:39  Overseer x2  
  192  12:40  Roach  
  192  12:41  Roach x9  
  195  12:45  Roach  
  195  12:46  Roach x4  
  195  12:49  Roach x18  
  193  12:52  Seismic Spines  
  193  12:54  Roach x8  
  193  12:56  Roach  
  193  12:57  Queen  
  197  12:59  Roach  
  197  13:08  Roach x11  
  197  13:10  Ravager x2  
  199  13:16  Drone  
  200  13:24  Spore Crawler, Spine Crawler  
  200  13:25  Spine Crawler  
  200  13:26  Spine Crawler  
  196  13:34  Hydralisk x15  
  198  13:45  Drone  
  198  13:46  Drone  
  198  13:47  Extractor  
  198  13:48  Extractor  
  198  13:52  Roach x5  
  190  13:58  Viper x3  
  190  14:02  Hydralisk x9  
  199  14:06  Lurker  
  200  14:13  Spine Crawler  
  200  14:15  Overseer  
  200  14:16  Lurker x5  
  200  14:17  Lurker  
  197  14:18  Drone x3  
  197  14:19  Overseer  
  188  14:43  Hydralisk x5  
  188  14:55  Hydralisk x5  
  198  15:02  Roach  
  198  15:03  Roach x3  
  198  15:06  Roach  
  189  15:08  Roach  
  189  15:12  Roach  
  189  15:13  Roach  
Tags
 
Add a new tag
Caveats
  • Supply blocks, unpowered buildings, or Contaminate may cause inaccurate times.
  • Supply counts are checked every 10 seconds.